 Dungeon Crawl Stone Soup version 0.22-a0-247-gbddf880757 (webtiles) character file.

4643 Peterchen the Severer (level 10, -2/115 HPs)
             Began as a Minotaur Berserker on Feb 25, 2018.
             Was a High Priest of Trog.
             Slain by a two-headed ogre
             ... wielding a +0 giant spiked club
              (3 damage)
             ... on level 9 of the Dungeon.
             The game lasted 00:17:47 (7674 turns).

Peterchen the Severer (Minotaur Berserker)          Turns: 7674, Time: 00:17:47

Health: -2/115     AC:  7    Str: 35    XL:     10   Next: 20%
Magic:  9/9        EV:  8    Int:  6    God:    Trog [*****.]
Gold:   429        SH:  8    Dex:  9    Spells: 9/9 levels left

rFire    . . .     SeeInvis .   a - +0 hand axe
rCold    . . .     Gourm    +   i - +0 shield
rNeg     . . .     Faith    .   C - +0 ring mail of Kleptomania {Str+4}
rPois    .         Spirit   .   (helmet restricted)
rElec    .         Reflect  .   o - +0 cloak
rCorr    .         Harm     .   (no gloves)
MR       .....                  x - +0 pair of boots
Stlth    ..........             F - amulet of the gourmand
HPRegen  0.29/turn              p - +2 ring of intelligence
MPRegen  0.11/turn              B - ring of stealth

@: berserking, very quick
A: retaliatory headbutt, horns 2
a: Berserk, Trog's Hand, Brothers in Arms, Renounce Religion


You were on level 9 of the Dungeon.
You worshipped Trog.
Trog was extremely pleased with you.
You were not hungry.

You visited 1 branch of the dungeon, and saw 9 of its levels.
You also visited: Ossuary.

You collected 429 gold pieces.

Inventory:

Hand Weapons
 a - a +0 hand axe (weapon)
Armour
 i - a +0 shield (worn)
 o - a +0 cloak (worn)
 x - a +0 pair of boots (worn)
 C - the +0 ring mail of Kleptomania (worn) {Str+4}
   (You found it on level 8 of the Dungeon)

   It affects your strength (+4).
Jewellery
 l - a cursed ring of loudness {unknown}
 p - a +2 ring of intelligence (left hand)
 w - an uncursed amulet of guardian spirit
 B - a ring of stealth (right hand)
 F - an amulet of the gourmand (around neck)
Wands
 e - a wand of flame (13)
 q - a wand of iceblast (8)
 t - a wand of enslavement (9)
 A - a wand of polymorph (10)
Scrolls
 b - 8 scrolls of remove curse
 d - a scroll of immolation
 f - a scroll of enchant armour
 n - 3 scrolls of magic mapping
 v - a scroll of blinking
 y - a scroll of enchant weapon
 z - 3 scrolls of teleportation
 G - a scroll of fog {unknown}
Potions
 g - a potion of heal wounds
 h - 2 potions of agility
 j - a potion of berserk rage
 k - 6 potions of might
 m - a potion of mutation
 r - 3 potions of curing
 s - a potion of ambrosia {unknown}
 u - 2 potions of magic {unknown}
 D - a potion of haste
 E - a potion of flight {unknown}
Comestibles
 c - 19 rations


   Skills:
 - Level 3.6 Fighting
 * Level 16.8 Axes
 - Level 2.4 Armour
 - Level 2.1 Dodging


You had 9 spell levels left.
You didn't know any spells.

Dungeon Overview and Level Annotations

Branches:
Dungeon (9/15)             Temple (0/1) D:6            Lair (0/6) D:8
    Orc: D:9-12

Altars:
Cheibriados
Dithmenos
Elyvilon
Hepliaklqana
Kikubaaqudgha
Nemelex Xobeh
Qazlal
Ru
Trog
Xom

Shops:
D:6 }


Innate Abilities, Weirdness & Mutations

You reflexively headbutt those who attack you in melee.
You have a pair of horns on your head.


Message History

You block the centaur skeleton's attack.
You hit the centaur skeleton.
You destroy the centaur skeleton!
Trog accepts your kill.
The two-headed ogre hits you with a giant spiked club!!
The two-headed ogre hits you with a giant club!
You hit the two-headed ogre.
The two-headed ogre is lightly wounded.
The two-headed ogre hits you with a giant spiked club!!
The two-headed ogre hits you with a giant club!
* * * LOW HITPOINT WARNING * * *
You are too injured to fight recklessly!
A red film seems to cover your vision as you go berserk!
You feel yourself moving faster!
You feel mighty!
You feel a lot more hungry.
You barely miss the two-headed ogre. You headbutt the two-headed ogre!
The two-headed ogre is moderately wounded.
The two-headed ogre hits you with a giant spiked club!
* * * LOW HITPOINT WARNING * * *
The two-headed ogre hits you with a giant club.
You die...

# #. #. ##.######
###+######
#.......####........#
###.........##........#
#.....@...#..'........#
+..#...O...####........#
## #.......# #........#
##.###### ##'###### #.
#..#### #. ##....# #.
####'### #.......
###+#### #.[.....


You could see a two-headed ogre.

Vanquished Creatures
  A two-headed ogre (D:8)
  The ghost of Peterchen the Cleaver, a novice MiBe of Trog (D:6)
  A water moccasin (D:7)
  5 orc warriors
  A hornet zombie (D:7)
  4 ogres
  4 centaurs
  Blork the orc (D:4)
  2 elf zombies (Ossuary)
  6 bullfrogs
  3 scorpions
  A jelly (D:6)
  3 crimson imps
  A centaur zombie (D:8)
  A quasit (D:7)
  2 bullfrog zombies
  A centaur skeleton (D:9)
  A human zombie (Ossuary)
  Crazy Yiuf (D:4)
  6 orc priests
  2 hounds (D:8)
  A gnoll shaman (D:8)
  Ijyb (D:4)
  Jessica (D:3)
  2 bullfrog skeletons (D:5)
  2 iguanas
  Natasha (thrice) (D:3)
  7 orc wizards
  A worker ant (D:8)
  2 big kobold zombies (Ossuary)
  A hound skeleton (D:4)
  3 mummies (Ossuary)
  6 gnolls
  16 adders
  3 shadow imps
  2 oozes
  6 adder zombies
  An adder skeleton (D:4)
  3 worms
  6 leopard geckos
  21 orcs
  2 giant cockroaches
  8 goblins
  3 hobgoblins
  8 jackals
  3 quokkas
  3 ball pythons
  9 bats
  4 frilled lizards
  2 gnoll zombies (Ossuary)
  3 goblin zombies (Ossuary)
  2 hobgoblin zombies (Ossuary)
  4 jackal zombies (Ossuary)
  5 kobolds
  4 kobold zombies (Ossuary)
  2 leopard gecko zombies (D:5)
  3 orc zombies (Ossuary)
  A quokka skeleton (D:4)
  4 quokka zombies (Ossuary)
  4 rats
  5 rat zombies (Ossuary)
  4 fungi (D:4)
219 creatures vanquished.

Vanquished Creatures (collateral kills)
  A hornet (D:9)
1 creature vanquished.

Grand Total: 220 creatures vanquished

Notes
Turn   | Place    | Note
-------+----------+-------------------------------------------
     0 | D:1      | Peterchen the Minotaur Berserker began the quest for the Orb.
     0 | D:1      | Reached XP level 1. HP: 19/19 MP: 0/0
    88 | D:1      | Reached skill level 4 in Axes
   128 | D:1      | Reached XP level 2. HP: 22/26 MP: 1/1
   456 | D:1      | Reached ** piety under Trog
   456 | D:1      | Reached skill level 5 in Axes
  1024 | D:2      | Reached XP level 3. HP: 31/31 MP: 2/2
  1164 | D:2      | Reached XP level 4. HP: 39/39 MP: 3/3
  1437 | D:2      | Reached skill level 6 in Axes
  1670 | D:2      | Found an ancient bone altar of Kikubaaqudgha.
  1672 | D:2      | Found a white marble altar of Elyvilon.
  1742 | D:2      | Found a hazy altar of Hepliaklqana.
  1877 | D:3      | Noticed Jessica
  1878 | D:3      | Noticed Natasha
  1884 | D:3      | Killed Natasha
  1885 | D:3      | Killed Jessica
  1885 | D:3      | Reached skill level 7 in Axes
  1885 | D:3      | Reached XP level 5. HP: 38/45 MP: 4/4
  2181 | D:3      | Noticed Natasha
  2191 | D:3      | Killed Natasha
  2442 | D:3      | Noticed Natasha
  2463 | D:3      | Killed Natasha
  2485 | D:3      | Found a faded altar of an unknown god.
  2485 | D:3      | Found a shimmering altar of Xom.
  2491 | D:3      | Found a faded altar of an unknown god.
  2493 | D:3      | Found a stormy altar of Qazlal.
  2494 | D:3      | Found a sacrificial altar of Ru.
  2637 | D:3      | Found a bloodstained altar of Trog.
  2790 | D:4      | Reached skill level 8 in Axes
  2834 | D:4      | Noticed Blork the orc
  2848 | D:4      | Killed Blork the orc
  2848 | D:4      | Reached XP level 6. HP: 16/51 MP: 2/5
  3017 | D:4      | Reached skill level 9 in Axes
  3018 | D:4      | Reached *** piety under Trog
  3023 | D:4      | Found a snail-covered altar of Cheibriados.
  3147 | D:4      | Reached XP level 7. HP: 48/57 MP: 6/6
  3231 | D:4      | Found a sand-covered staircase.
  3236 | Ossuary  | Entered an ossuary
  3338 | Ossuary  | Reached skill level 10 in Axes
  3482 | Ossuary  | Reached **** piety under Trog
  3550 | Ossuary  | Reached skill level 11 in Axes
  3628 | D:4      | Noticed Ijyb
  3636 | D:4      | Killed Ijyb
  3942 | D:4      | Found a runed door.
  3946 | D:4      | Noticed Crazy Yiuf
  3952 | D:4      | Killed Crazy Yiuf
  3989 | D:5      | Entered Level 5 of the Dungeon
  4256 | D:5      | Reached XP level 8. HP: 56/64 MP: 5/7
  4580 | D:5      | Reached skill level 12 in Axes
  4879 | D:6      | Found Ixzuasok's Gadget Shoppe.
  4901 | D:6      | Found a sparkling altar of Nemelex Xobeh.
  4931 | D:6      | Noticed Peterchen's ghost (novice MiBe)
  4948 | D:6      | Killed Peterchen's ghost
  4956 | D:6      | Found a staircase to the Ecumenical Temple.
  5018 | D:6      | Received a gift from Trog
  5018 | D:6      | Reached skill level 13 in Axes
  5285 | D:6      | Found a shadowy altar of Dithmenos.
  5382 | D:6      | Found the +7 sceptre of Torment
  5676 | D:7      | Reached XP level 9. HP: 62/70 MP: 6/8
  5716 | D:7      | Reached skill level 14 in Axes
  5847 | D:7      | Reached ***** piety under Trog
  6573 | D:8      | Got a slimy ring mail
  6584 | D:8      | Identified the +0 ring mail of Kleptomania {Str+4} (You found it on level 8 of the Dungeon)
  6664 | D:8      | Noticed a two-headed ogre
  6682 | D:8      | Killed a two-headed ogre
  6682 | D:8      | Reached skill level 15 in Axes
  6796 | D:8      | Reached skill level 16 in Axes
  6861 | D:8      | Reached XP level 10. HP: 61/77 MP: 3/9
  7093 | D:8      | Found a staircase to the Lair.
  7665 | D:9      | Noticed a two-headed ogre
  7674 | D:9      | HP: 1/115 [two-headed ogre/giant spiked club (17)]
  7674 | D:9      | Slain by a two-headed ogre

Vault maps used:
D:1:      dpeg_arrival_leaves_temple_mockup
D:2:      nicolae_overflow_hidden_temple
D:3:      lightli_temple_of_fire, chequers_temple_overflow_minitemple,
          first_ration, uniq_jessica, uniq_natasha
D:4:      cheibriados_altar_1, enter_ossuary_5, uniq_ijyb,
          uniq_crazy_yiuf_cottage, uniq_blork_the_orc
D:5:      minmay_checkerbox
D:6:      kennysheep_mini, grunt_dithmenos_smoke, temple_green, serial_glass,
          glass_columns_c, glass_columns_b, glass_columns_b, glass_columns_a,
          glass_columns_a, serial_shops, nicolae_shop_window_shopping
D:8:      grunt_lair_entry_orc_guard_hut
D:9:      hangedman_ranch
Ossuary:  minmay_ossuary_two_tombs

Skill      XL: |  1  2  3  4  5  6  7  8  9 |
---------------+----------------------------+-----
Axes           | 4 5 7 8 9 11 13 16 | 16.8
Fighting       | |  3.6
Armour         | |  2.4
Dodging        | |  2.1

Action                   |  1- 3 |  4- 6 |  7- 9 | 10-12 || total
-------------------------+-------+-------+-------+-------++-------
Melee: Hand axe          |    72 |   140 |   513 |    67 ||   792
       Headbutt          |    16 |    19 |    99 |    19 ||   153
Invok: Berserk           |       |     2 |     5 |     3 ||    10
       Brothers in Arms  |       |       |       |     1 ||     1
  Use: Scroll            |       |     6 |    11 |       ||    17
 Stab: Sleeping          |       |       |     1 |       ||     1
  Eat: Chunk             |     1 |     8 |    16 |    10 ||    35
Armor: Ring mail         |    26 |    10 |    78 |    14 ||   128
       Skin              |       |     6 |       |       ||     6
       Scale mail        |       |     8 |    56 |       ||    64
Dodge: Dodged            |    20 |    30 |    95 |    12 ||   157
Block: Shield            |    18 |    40 |   148 |    18 ||   224

Table legend:
 A = Spawn XP
 B = Non-spawn XP
 C = Spawn XP percentage of total XP
 D = Spawn monster count
 E = Non-spawn monster count
 F = Spawn count percentage of total count
 G = Total turns spent on level
                    A         B        C        D         E        F      G
               +---------+---------+-------+---------+---------+-------+---------
         Total |       0 |    6634 |   0.0 |       0 |     216 |   0.0 |  7674
               +---------+---------+-------+---------+---------+-------+---------
           D:1 |       0 |      38 |   0.0 |       0 |      21 |   0.0 |  1008
           D:2 |       0 |     104 |   0.0 |       0 |      19 |   0.0 |   869
           D:3 |       0 |     157 |   0.0 |       0 |      12 |   0.0 |   801
           D:4 |       0 |     634 |   0.0 |       0 |      25 |   0.0 |   929
           D:5 |       0 |     385 |   0.0 |       0 |      14 |   0.0 |   872
           D:6 |       0 |     661 |   0.0 |       0 |      16 |   0.0 |   566
           D:7 |       0 |    1170 |   0.0 |       0 |      29 |   0.0 |  1140
           D:8 |       0 |    2651 |   0.0 |       0 |      36 |   0.0 |   690
           D:9 |       0 |     439 |   0.0 |       0 |       5 |   0.0 |   417
       Ossuary |       0 |     395 |   0.0 |       0 |      39 |   0.0 |   382
               +---------+---------+-------+---------+---------+-------+---------
